 Dungeon Crawl Stone Soup version 0.30.1-3-gfc49f6343a (webtiles) character file.

Game seed: 6076725659704068342

9119 H0rd4k the Martial Artist (level 11, -3/70 HPs)
             Began as an Octopode Artificer on July 31, 2023.
             Was an Initiate of Gozag.
             Slain by a troll (6 damage)
             ... on level 11 of the Dungeon.
             The game lasted 00:22:24 (12843 turns).

H0rd4k the Martial Artist (Octopode Artificer)     Turns: 12843, Time: 00:22:25

Health: -3/70      AC:  5    Str: 12    XL:     11   Next: 41%
Magic:  15/15      EV: 18    Int: 25    God:    Gozag
Gold:   822        SH:  0    Dex: 22    Spells: 16/16 levels left

rFire   + +          .
                       - Unarmed
rCold   + . .        (no shield)
rNeg    . . .        (helmet restricted)
rPois   .            g - amulet of the acrobat
rElec   .            o - ring of resist corrosion
rCorr   +            p - ring of wizardry
SInv    .            b - ring of protection from cold
Will    .....        c - ring "Luxi" {AC+4 Slay+2}
Stlth   +++++        m - ring "Ebref" {rF+ Will- Int+8 Dex+3 Stlth-}
HPRegen 0.31/turn    E - ring of protection from fire
MPRegen 0.14/turn    A - +6 ring of dexterity
                     (no ring)

%: acrobat, wizardry (x1)
@: about to teleport, studying Long Blades
A: almost no armour, amphibious, 8 rings, camouflage 1, gelatinous body 1,
(nimble swimmer 1), tentacles, tentacle spike 2
a: Renounce Religion, Potion Petition, Call Merchant, Bribe Branch


You were on level 11 of the Dungeon.
You worshipped Gozag.
Gozag was pleased with you.
You visited 2 branches of the dungeon, and saw 12 of its levels.
You also visited: Bailey.

You collected 2044 gold pieces.
You spent 1163 gold pieces at shops.
You paid 59 gold pieces to Gozag.

Inventory:

Missiles
 h - 29 poisoned darts (quivered)
Magical Staves
 a - the staff of conjuration "Rearchit" {rElec SInv}
   (You found it in a bailey)

   [staff of conjuration]

   Base accuracy: +5 Base damage: 5 Base attack delay: 1.2 This weapon's minimum
   attack delay (0.6) is reached at skill level 12.
   rElec:     It insulates you from electricity.
   SInv:      It lets you see invisible.
   It falls into the 'Staves' category.
   It is a one-tentacled weapon.
 j - a staff of poison
Jewellery
 b - a ring of protection from cold (on tentacle)
 c - the ring "Luxi" (on tentacle) {AC+4 Slay+2}
   (You bought it in a shop on level 1 of the Dungeon)

   [ring of protection]

   AC:        It affects your AC (+4).
   Slay:      It affects your accuracy & damage with ranged weapons and melee
   (+2).
 g - an amulet of the acrobat (around mantle)
 m - the ring "Ebref" (on tentacle) {rF+ Will- Int+8 Dex+3 Stlth-}
   (You bought it in a shop on level 1 of the Dungeon)

   [ring of protection from fire]

   Int:       It affects your intelligence (+8).
   Dex:       It affects your dexterity (+3).
   rF:        It protects you from fire.
   Will:      It decreases your willpower.
   Stlth:     It makes you less stealthy.
 o - a ring of resist corrosion (left tentacle)
 p - a ring of wizardry (right tentacle)
 r - an amulet of faith
 A - a +6 ring of dexterity (on tentacle)
 E - a ring of protection from fire (on tentacle)
Wands
 n - a wand of digging (5)
 x - a wand of flame (8)
Scrolls
 e - 3 scrolls of teleportation
 k - a scroll of poison
 l - a scroll of fear
 s - 2 scrolls of enchant weapon
 u - a scroll of magic mapping
 v - 4 scrolls of enchant armour
 w - 2 scrolls of vulnerability
 y - 2 scrolls of brand weapon
 z - a scroll of summoning
 F - 2 scrolls of amnesia
 G - a scroll of identify
Potions
 d - 2 potions of resistance
 f - a potion of lignification
 i - 2 potions of haste
 q - 2 potions of attraction
 t - 2 potions of cancellation
 C - a potion of magic
 D - a potion of heal wounds {unknown}
Miscellaneous
 B - a lightning rod (1/4)


   Skills:
 + Level 4.4 Fighting
 - Level 5.0 Throwing
 + Level 7.0 Dodging
 - Level 10.5 Stealth
 - Level 11.1 Unarmed Combat
 * Level 3.2 Spellcasting
 + Level 6.3 Evocations


You had 16 spell levels left.
You didn't know any spells.
Your spell library contained the following spells:

 Spells                   Type           Power      Damage    Failure   Level
 Ensorcelled Hibernation  Hex/Ice        8%         N/A       6%          2
 Passwall                 Tmut/Erth      3%         N/A       6%          2
 Swiftness                Air            4%         N/A       12%         3


Dungeon Overview and Level Annotations

Branches:
Dungeon (11/15)            Temple (1/1) D:4            Lair (0/5) D:8
    Orc (0/2) D:10         Bailey (visited)

Altars:
Ashenzari
Cheibriados
Dithmenos
Elyvilon
Fedhas
Gozag
Hepliaklqana
Kikubaaqudgha
Makhleb
Nemelex Xobeh
Okawaru
Qazlal
Ru
Sif Muna
Trog
Uskayaw
Vehumet
Wu Jian
Xom
Yredelemnul
Zin
The Shining One

Shops:
D:1 =[(=   D:2 !([

Annotations:
D:1 2 transporters
D:6 exclusion: ice beast, Maggie
D:7 exclusions: deep troll, downstairs and ice beast
D:8 2 transporters
D:10 exclusions: two-headed ogre, upstairs and 1 more exclusion


Innate Abilities, Weirdness & Mutations

You cannot wear most types of armour.
You are amphibious.
You can wear up to eight rings at the same time.
Your skin changes colour to match your surroundings (Stealth+).
Your rubbery body absorbs attacks. (AC +1, EV +1)
((You are camouflaged when in or above water. (Stealth+)))
You have tentacles for arms and can constrict up to eight enemies at once.
One of your tentacles bears a nasty spike.


Message History

You tentacle-slap the yak.
You pierce the yak, but do no damage.
You squeeze the yak!
The yak is severely wounded.
The yak gores you but does no damage.
You bludgeon the yak!
You kill the yak!
Your Dodging skill increases to level 7!
Found a potion of degeneration.
The troll misses you. x2
The troll completely misses you. The troll attacks as you move away!
The troll closely misses you. The troll barely misses you.
The troll completely misses you.
You feel yourself speed up.
You see here a potion of degeneration.
You tentacle-slap the troll but do no damage.
You pierce the troll, but do no damage.
You tentacle-slap the troll! Your squeeze misses the troll.
The troll is moderately wounded.
The troll bites you! The troll misses you. The troll closely misses you.
Okay, then.
As you read the scroll of teleportation, it crumbles to dust.
You feel strangely unstable. The troll closely misses you. The troll claws you!
The troll closely misses you.
You tentacle-slap the troll.
You pierce the troll.
You squeeze the troll.
The troll is heavily wounded.
The troll misses you. x2; The troll barely misses you.
You tentacle-slap the troll but do no damage.
Your tentacle spike misses the troll.
You squeeze the troll!
The troll is severely wounded.
The troll barely misses you. The troll completely misses you.
The troll claws you!
* * * LOW HITPOINT WARNING * * *
You tentacle-slap the troll.
You pierce the troll, but do no damage.
The troll is severely wounded.
You barely miss the troll. You squeeze the troll!
The troll is almost dead.
The troll bites you!
* * * LOW HITPOINT WARNING * * *
The troll claws you.
You die...
Your body crumbles into a pile of gold.

.#######.#####.# .#
###.#####.# .#
#.........#
.#####.#######.#
....>..# #.#
.######### #.#
.........# ###
.######### # ### .#
.# ##@# $ .#
##.###T## # .######
#.##.##.# .#
......#
##.#.#.#O#.#
#####.###...#..#..#
#....#...#...#z..#
###.#..#....#....#
#)....#.....#....
###.....#......#z.


You could see a troll.

Vanquished Creatures
  Gastronok (D:8)
  An unseen horror (D:11)
  2 kobold demonologists (D:10)
  A troll (D:11)
  A hornet (D:8)
  Sigmund (D:4)
  8 yaks
  2 wraiths (D:11)
  A vampire (D:9)
  3 steam dragons
  2 wargs (D:8)
  An acid dragon (D:11)
  Menkaure (D:6)
  3 water moccasins
  Duvessa (D:7)
  12 orc warriors
  2 black bears
  An ogre (D:7)
  5 centaurs
  A phantom (D:4)
  A kobold brigand (D:10)
  3 bullfrogs
  A gnoll sergeant (D:9)
  3 wights (D:8)
  2 scorpions
  Dowan (D:7)
  4 howler monkeys
  A hound (D:5)
  A jelly (D:5)
  2 orc priests
  A gnoll bouda (D:9)
  11 orc wizards
  2 iguanas (D:5)
  9 gnolls
  12 adders
  A shadow imp (D:6)
  An ufetubus (D:4)
  A dart slug (D:1)
  43 orcs
  5 bats
  7 endoplasms
  2 giant cockroaches (D:3)
  2 hobgoblins
  7 jackals
  11 kobolds
  A quokka (D:3)
  2 ball pythons (D:1)
  5 frilled lizards
  4 goblins
  3 rats
199 creatures vanquished.

Vanquished Creatures (collateral kills)
  A hornet (D:8)
  An orc warrior (Bailey)
  A centaur (D:8)
  A wight (D:8)
  An orc wizard (D:8)
  An adder (D:4)
  5 orcs
11 creatures vanquished.

Vanquished Creatures (others)
  A steam dragon (D:8)
  An acid dragon (D:8)
  An adder (D:4)
  2 orcs
5 creatures vanquished.

Grand Total: 215 creatures vanquished

Notes
Turn   | Place    | Note
-------+----------+-------------------------------------------
     0 | D:1      | H0rd4k the Octopode Artificer began the quest for the Orb.
     0 | D:1      | Reached XP level 1. HP: 13/13 MP: 1/1
    16 | D:1      | Found Roaf's Jewellery Emporium.
   109 | D:1      | Found Naban's Weapon Emporium.
   122 | D:1      | Found Yrriphu's Armour Shoppe.
   132 | D:1      | Reached XP level 2. HP: 18/18 MP: 2/2
   360 | D:1      | Found Ifestopp's Jewellery Shoppe.
   429 | D:2      | Found Reuceik's Antique Weapon Shop.
   437 | D:2      | Found Athadeg's Antique Armour Boutique.
   542 | D:2      | Found a faded altar of an unknown god.
   590 | D:2      | Reached XP level 3. HP: 23/23 MP: 3/3
   952 | D:2      | Found Jojiph's Distillery.
  1409 | D:3      | Reached skill level 1 in Unarmed Combat
  1468 | D:3      | Reached XP level 4. HP: 28/28 MP: 4/4
  1578 | D:3      | Found a bloodstained altar of Trog.
  1972 | D:3      | Reached skill level 2 in Unarmed Combat
  2235 | D:4      | Reached XP level 5. HP: 5/33 MP: 5/5
  2341 | D:4      | Noticed a black bear
  2351 | D:4      | Killed a black bear
  2352 | D:4      | Reached skill level 5 in Stealth
  2373 | D:4      | Reached skill level 3 in Unarmed Combat
  2373 | D:4      | Reached XP level 6. HP: 33/38 MP: 6/6
  2394 | D:4      | Found a staircase to the Ecumenical Temple.
  2439 | Temple   | Entered the Ecumenical Temple
  2476 | Temple   | Became a worshipper of Gozag Ym Sagoz the Greedy
  2858 | D:4      | Noticed Sigmund
  2867 | D:4      | Killed Sigmund
  2868 | D:4      | Reached skill level 4 in Unarmed Combat
  2868 | D:4      | Reached XP level 7. HP: 29/43 MP: 7/7
  3767 | D:5      | Entered Level 5 of the Dungeon
  3834 | D:5      | Found a glowing golden altar of the Shining One.
  4039 | D:5      | Found an iron altar of Okawaru.
  4329 | D:5      | Reached skill level 5 in Unarmed Combat
  4607 | D:6      | Noticed Menkaure
  4614 | D:6      | Killed Menkaure
  4615 | D:6      | Reached XP level 8. HP: 48/48 MP: 8/8
  4753 | D:6      | Reached skill level 5 in Evocations
  5077 | D:6      | Noticed Maggie
  5818 | D:7      | Reached skill level 6 in Unarmed Combat
  5927 | D:7      | Noticed Duvessa
  5954 | D:7      | Noticed a deep troll
  6803 | D:7      | Noticed Dowan
  6815 | D:7      | Killed Duvessa
  6816 | D:7      | Reached skill level 7 in Unarmed Combat
  6816 | D:7      | Reached XP level 9. HP: 39/54 MP: 9/9
  7046 | D:8      | Found a white marble altar of Elyvilon.
  7274 | D:7      | Killed Dowan
  7442 | D:8      | Noticed a hornet
  7463 | D:8      | Killed a hornet
  7632 | D:8      | Noticed Gastronok
  7687 | D:8      | Reached skill level 8 in Unarmed Combat
  7698 | D:8      | Reached skill level 1 in Throwing
  7851 | D:8      | Found a staircase to the Lair.
  8112 | D:8      | Found a transporter.
  8279 | D:8      | Found a transporter.
  8325 | D:9      | Gained mutation: One of your tentacles bears a spike.
                  | [potion of mutation]
  8325 | D:9      | Gained mutation: One of your tentacles bears a nasty spike.
                  | [potion of mutation]
  8338 | D:9      | Reached skill level 5 in Dodging
  8371 | D:9      | Found a flagged portal.
  8382 | D:9      | Reached skill level 9 in Unarmed Combat
  8402 | Bailey   | Entered a bailey
  8710 | Bailey   | Reached XP level 10. HP: 48/63 MP: 10/10
  8924 | Bailey   | Reached skill level 10 in Stealth
  8968 | Bailey   | Identified the staff of conjuration "Rearchit" {rElec SInv}
  8975 | Bailey   | HP: 3/63 [orc warrior/+0 glaive (8)]
  8982 | Bailey   | Identified the +0 plate armour of Anaesthesia {rPois Int+4}
  9700 | D:6      | Reached skill level 10 in Unarmed Combat
  9772 | D:1      | Bought the ring "Luxi" {AC+4 Slay+2} for 668 gold pieces
  9798 | D:1      | Bought the ring "Ebref" {rF+ Will- Int+8 Dex+3 Stlth-} for
                  | 495 gold pieces
 10250 | D:8      | Killed Gastronok
 10661 | D:9      | Reached skill level 5 in Throwing
 10661 | D:9      | Reached skill level 11 in Unarmed Combat
 10661 | D:9      | Reached XP level 11. HP: 68/68 MP: 11/11
 10851 | D:9      | You fall into a shaft and drop 2 floors!
 10900 | D:10     | Entered Level 10 of the Dungeon
 10920 | D:10     | Found a radiant altar of Vehumet.
 10951 | D:9      | Found a basalt altar of Yredelemnul.
 10951 | D:9      | Found a blossoming altar of Fedhas.
 10951 | D:9      | Found a snail-covered altar of Cheibriados.
 10951 | D:9      | Found a sacrificial altar of Ru.
 10973 | D:10     | Noticed a two-headed ogre
 11370 | D:9      | Found a burning altar of Makhleb.
 11378 | D:9      | Found a hide-covered altar of Uskayaw.
 11755 | D:10     | Reached skill level 1 in Spellcasting
 12240 | D:10     | Noticed a two-headed ogre
 12243 | D:10     | Found a staircase to the Orcish Mines.
 12829 | D:11     | Noticed a two-headed ogre
 12830 | D:11     | Noticed a skeletal warrior
 12843 | D:11     | HP: 3/70 [troll (8)]
 12843 | D:11     | Slain by a troll

Illustrated notes

Levels and vault maps discovered:
D:1:      spicycebolla_arrival_transporter_tutorial, layout_rooms, serial_shops,
          nicolae_shop_just_a_little_nook, shop, nicolae_shop_trees, shop
D:2:      layout_basic, dreamdust_ecumenical_altar_grove, serial_shops, shop,
          nicolae_shop_hallway_plus, nicolae_shop_hallway_plus,
          wander_ebering_terrifying_dragon_lair
D:3:      layout_loops_cross, mainiacjoe_overflow_small_starburst
D:4:      layout_loops_corners, minmay_temple_entry_mist,
          chequers_serial_rivers_small_a, nicolae_half_adder, uniq_sigmund
D:5:      layout_loops_cross, okawaru_gym_becter, overflow_temple_1_default
D:6:      layout_loops_cross, minivault_10, corexii_shack, uniq_menkaure,
          uniq_maggie
D:7:      layout_basic, hellmonk_guarded_unrand_vitality_bloodlust, uniq_duvessa
D:8:      gammafunk_beogh_shrine, layout_basic, marbit_many_paths,
          erik_lair_orcish_takeover, minmay_manual_mail, uniq_gastronok
D:9:      layout_loops_ring, nicolae_overflow_hidden_temple,
          mainiacjoe_overflow_big_doors, enter_bailey_2, minmay_liquid_box,
          chequers_avenue
D:10:     layout_roguey, nicolae_vehumet_radiance, david_orc_4
D:11:     cheibrodos_orc_bank, layout_loops_ring, minmay_increasing_density
Temple:   chequers_temple_sunken

Skill      XL: |  1  2  3  4  5  6  7  8  9 10 11 |
---------------+----------------------------------+-----
Evocations     | 4 5 6 |  6.3
Stealth        | 2 3 4 5 6 7 9 10 | 10.5
Unarmed Combat | 1 2 3 4 5 7 9 11 | 11.1
Dodging        | 3 4 5 7 |  7.0
Fighting       | 2 3 4 |  4.4
Throwing       | 1 5 |  5.0
Spellcasting   | 3 |  3.2

Action                     |  1- 3 |  4- 6 |  7- 9 | 10-12 || total
---------------------------+-------+-------+-------+-------++-------
  Melee: Unarmed           |    84 |    69 |   227 |   210 ||   590
         Tentacles         |    17 |    17 |    55 |    63 ||   152
         Constrict         |    14 |    19 |    35 |    40 ||   108
         Punch             |     3 |     2 |    17 |    24 ||    46
         Kick              |       |       |    12 |    97 ||   109
         Staff             |       |       |       |     6 ||     6
  Throw: Dart              |       |       |    22 |    19 ||    41
  Evoke: Wand              |       |     9 |    25 |     4 ||    38
         Lightning rod     |       |       |       |     4 ||     4
    Use: Scroll            |       |       |    12 |     5 ||    17
         Potion            |       |       |    10 |     2 ||    12
   Stab: Sleeping          |    15 |     7 |    11 |     5 ||    38
         Distracted        |       |     2 |       |     1 ||     3
 Armour: Skin              |     7 |     3 |    23 |    11 ||    44
  Dodge: Dodged            |    61 |    39 |   133 |   165 ||   398
